 Dungeon Crawl Stone Soup version 0.24.0-1-gfbc8707122 (webtiles) character file.

Game seed: 14393599726932620962, levelgen mode: deterministic

186 Monsterracer the Ruffian (level 5, -1/40 HPs)
             Began as a Ghoul Arcane Marksman on Oct 27, 2019.
             Was a Follower of Yredelemnul.
             Slain by Crazy Yiuf
             ... wielding a +4 quarterstaff of chaos
              (15 damage)
             ... on level 2 of the Dungeon.
             The game lasted 00:03:05 (3566 turns).

Monsterracer the Ruffian (Ghoul Arcane Marksman)    Turns: 3566, Time: 00:03:06

Health: -1/40      AC:  6    Str: 15    XL:     5   Next: 66%
Magic:  5/5        EV: 11    Int:  8    God:    Yredelemnul [*.....]
Gold:   206        SH:  0    Dex:  9    Spells: 5/6 levels left

rFire    . . .     SeeInvis .     - Unarmed
rCold    + . .     Gourm    .   (no shield)
rNeg     + + +     Faith    .   j - +0 ring mail
rPois    ∞         Spirit   .   (no helmet)
rElec    .         Reflect  .   n - +0 cloak
rCorr    .         Harm     .   (no gloves)
MR       .....                  (no boots)
Stlth    ..........             (no amulet)
HPRegen  0.00/turn              (no ring)
MPRegen  0.09/turn              (no ring)

@: about to teleport, rotting
A: rotting body, claws 1, carnivore, cold resistance 1, negative energy
resistance 3, inhibited regeneration, torment resistance, unbreathing
a: Animate Remains, Renounce Religion


You were on level 2 of the Dungeon.
You worshipped Yredelemnul.
Yredelemnul was aware of your devotion.
You were not hungry.

You visited 1 branch of the dungeon, and saw 3 of its levels.

You collected 206 gold pieces.

Inventory:

Missiles
 d - 2 throwing nets {!f}
 f - 5 javelins (quivered)
Armour
 j - a +0 ring mail (worn)
   (You found it on level 1 of the Dungeon)
 n - a +0 cloak (worn)
   (You found it on level 2 of the Dungeon)
 q - a scarf of cloud immunity
   (You found it on level 2 of the Dungeon)
Scrolls
 e - 3 scrolls of identify {unknown}
 h - a scroll of remove curse {unknown}
 k - 2 scrolls of magic mapping {unknown}
 l - a scroll of immolation {unknown}
 m - 2 scrolls of teleportation {unknown}
 s - 2 scrolls of amnesia {unknown}
 t - a scroll of enchant armour {unknown}
 v - 2 scrolls of fog {unknown}
Potions
 a - 2 potions of curing {unknown}
 b - a potion of resistance {unknown}
 g - a potion of mutation {unknown}
 i - a potion of haste {unknown}
 p - a potion of might {unknown}
 r - a potion of berserk rage {unknown}
 u - a potion of lignification {unknown}
 w - a potion of ambrosia {unknown}
 x - a potion of degeneration {unknown}
Comestibles
 c - 6 rations


   Skills:
 - Level 1.1 Fighting
 - Level 1.7 Throwing
 - Level 1.7 Dodging
 + Level 5.7 Unarmed Combat
 - Level 1.0 Spellcasting
 - Level 2.4 Hexes


You had 5 spell levels left.
You knew the following spells:

 Your Spells              Type           Power        Failure   Level  Hunger
j - Corona                Hex            #......      30%         1    ##.....

Your spell library contained the following spells:

 Spells                   Type           Power        Failure   Level  Hunger
 Slow                     Hex            #.......     41%         2    ###....
 Magic Dart               Conj           #...         61%         1    ##.....
 Blink                    Tloc           N/A          75%         2    ###....
 Call Imp                 Summ           #.......     75%         2    ###....
 Inner Flame              Hex/Fire       #.......     82%         3    ####...
 Portal Projectile        Hex/Tloc       #.....       82%         3    ####...
 Conjure Flame            Conj/Fire      #.......     93%         3    ####...
 Mephitic Cloud           Conj/Pois/Air  #.......     93%         3    ####...
 Cause Fear               Hex            #.........   96%         4    #####..
 Leda's Liquefaction      Hex/Erth       #.........   99%         4    #####..


Dungeon Overview and Level Annotations

Branches:
Dungeon (3/15)

Altars:
Gozag
Okawaru
Yredelemnul

Annotations:
D:2 Crazy Yiuf, Sigmund


Innate Abilities, Weirdness & Mutations

Your body is rotting away.
You thrive on raw meat.
You are immune to poison.
You have sharp fingernails.
You are carnivorous and can eat meat at any time.
Your flesh is cold resistant. (rC+)
You are immune to negative energy. (rN+++)
You do not regenerate when monsters are visible.
You are immune to unholy pain and torment.
You can survive without breathing.


Message History

You claw the adder!
You kill the adder!
Yredelemnul accepts your kill.
No target in view!
No target in view!
You now have 193 gold pieces (gained 11).
s - 2 scrolls labeled NYCHO GOSKYG (gained 1)
Found an iron altar of Okawaru.
No target in view!
Found a stone staircase leading down.
You now have 206 gold pieces (gained 13).
Found 20 stones.
Found 23 poisoned darts.
A quokka comes into view.
A quokka is nearby!
You closely miss the quokka. The quokka barely misses you.
You closely miss the quokka. The quokka misses you.
You scratch the quokka but do no damage.
The quokka bites you.
A quokka is nearby!
You miss the quokka. The quokka bites you.
You barely miss the quokka. The quokka barely misses you.
A quokka is nearby!
You scratch the quokka but do no damage.
The quokka bites you but does no damage.
A quokka is nearby!
You claw the quokka!
You kill the quokka!
Yredelemnul accepts your kill.
No target in view!
No target in view!
HP restored.
Terence the Incautious comes into view.
He is wielding a +0 flail.
Terence shouts!
Found a scroll labeled MERPHY GUDAMMU.
Terence is nearby!
You barely miss Terence. Terence closely misses you.
You claw Terence!
Terence is moderately wounded.
You closely miss Terence.
Terence is moderately wounded.
Terence closely misses you.
You scratch Terence but do no damage.
Terence is moderately wounded.
Terence barely misses you.
You scratch Terence.
Terence is severely wounded.
Terence barely misses you.
You claw Terence!
You kill Terence!
Yredelemnul accepts your kill.
Things that are here:
a +0 flail; a +0 scale mail
Things that are here:
a +0 flail; a +0 scale mail
k - 2 scrolls labeled MERPHY GUDAMMU (gained 1)
There is an open door here.
Things that are here:
a +0 robe; a +0 club Key pressed, stopping explore.
Things that are here:
a +0 flail; a +0 scale mail
Found a leather armour.
You see here a leather armour.
There is an open door here.
Crazy Yiuf shouts!
No reachable target in view!
No reachable target in view!
You open the door. You scratch Crazy Yiuf.
Crazy Yiuf is lightly wounded.
Crazy Yiuf hits you with a +4 quarterstaff of chaos.
Crazy Yiuf burns you.
You scratch Crazy Yiuf but do no damage.
Crazy Yiuf is lightly wounded.
You claw Crazy Yiuf!
Crazy Yiuf is severely wounded.
Crazy Yiuf hits you with a +4 quarterstaff of chaos.
Crazy Yiuf burns you.
You scratch Crazy Yiuf.
Crazy Yiuf is almost dead.
Crazy Yiuf hits you with a +4 quarterstaff of chaos.
You convulse.
You are too injured to fight recklessly!
You completely miss Crazy Yiuf.
Crazy Yiuf is almost dead.
Crazy Yiuf hits you with a +4 quarterstaff of chaos.
You feel strangely unstable.
You are too injured to fight recklessly!
You scratch Crazy Yiuf but do no damage.
Crazy Yiuf is almost dead.
Crazy Yiuf hits you with a +4 quarterstaff of chaos.
* * * LOW HITPOINT WARNING * * *
You barely miss Crazy Yiuf.
Crazy Yiuf is almost dead.
Crazy Yiuf hits you with a +4 quarterstaff of chaos.
* * * LOW HITPOINT WARNING * * *
You are electrocuted!
You die...
Yredelemnul claims you as an undead slave.

#######.#.......................#
#.#.....##.##..###...>....#
#.#.....##.##.............. ###
#.################.(..#....
..#####'# #....#.... ..#.....#
#)####..#. ..#.....##♣♣ ###
#...###.#. ###........♣♣ ♣♣#..)#
#...# #... ..).........♣♣♣♣@g...#
#...###.>. .............♣..♣#...#
#......##. .#######....♣.♣♣♣ ###
#......... .#########♣♣♣♣♣
###....### ........# #.####
.###.####### #.# ####
....)......# #.# #...
.###.####### #.# #### .# #.# #.#


You could see Crazy Yiuf.

Vanquished Creatures
  An iguana (D:3)
  Jessica (D:2)
  An orc wizard (D:3)
  Terence (D:2)
  2 adders (D:2)
  3 dart slugs (D:1 D:2)
  A leopard gecko (D:2)
  5 orcs (D:2 D:3)
  A ball python (D:3)
  4 giant cockroaches (D:1 D:2 D:3)
  3 goblins (D:1 D:2)
  4 hobgoblins (D:2 D:3)
  5 jackals (D:2 D:3)
  3 quokkas (D:2 D:3)
  6 bats (D:2 D:3)
  6 frilled lizards (D:1 D:2 D:3)
  3 kobolds (D:1 D:2 D:3)
  7 rats (D:1 D:2 D:3)
57 creatures vanquished.

Notes
Turn   | Place    | Note
-------+----------+-------------------------------------------
     0 | D:1      | Monsterracer the Ghoul Arcane Marksman began the quest for
                  | the Orb.
     0 | D:1      | Reached XP level 1. HP: 16/16 MP: 1/1
   217 | D:1      | Reached skill level 1 in Unarmed Combat
   398 | D:1      | Reached XP level 2. HP: 16/23 MP: 2/2
   679 | D:1      | Reached skill level 2 in Unarmed Combat
   835 | D:2      | Noticed Jessica
   847 | D:2      | Killed Jessica
   847 | D:2      | Reached skill level 3 in Unarmed Combat
   847 | D:2      | Reached XP level 3. HP: 19/26 MP: 3/3
  1106 | D:2      | Found an opulent altar of Gozag.
  1229 | D:2      | Reached XP level 4. HP: 34/35 MP: 4/4
  1320 | D:2      | Found a runed translucent door.
  1321 | D:2      | Noticed Crazy Yiuf
  1341 | D:2      | Reached skill level 4 in Unarmed Combat
  1611 | D:2      | Noticed Sigmund
  1637 | D:2      | HP: 17/35 [bat (1)]
  1857 | D:2      | HP: 16/34 [Sigmund/puff of flame (8)]
  2291 | D:3      | Reached skill level 5 in Unarmed Combat
  2291 | D:3      | Reached XP level 5. HP: 29/40 MP: 5/5
  2837 | D:3      | Found a faded altar of an unknown god.
  2860 | D:3      | Became a worshipper of Yredelemnul the Dark
  2860 | D:3      | Reached * piety under Yredelemnul
  3188 | D:2      | Found an iron altar of Okawaru.
  3308 | D:2      | Noticed Terence
  3316 | D:2      | Killed Terence
  3565 | D:2      | HP: 20/40 [Crazy Yiuf/+4 quarterstaff of chaos (3)]
  3566 | D:2      | Slain by Crazy Yiuf

Levels and vault maps discovered:
D:1:      matt_arrival_refuge, layout_loops_ring, chequers_mini_garden,
          chequers_serial_rivers_room_b, minivault_19
D:2:      layout_basic, okawaru_metal_pillars_1_2, minmay_crystal_water,
          grunt_gozag_breadcrumbs, uniq_jessica, uniq_terence, uniq_sigmund,
          uniq_crazy_yiuf_cottage
D:3:      layout_loops_cross, chequers_ecumenical_altar_grove, minivault_5,
          st_stairs_3, bh_walls_and_bars

Skill      XL: |  1  2  3  4 |
---------------+-------------+-----
Unarmed Combat | 1 3 5 |  5.7
Fighting       | |  1.1
Throwing       | |  1.7
Dodging        | |  1.7
Spellcasting   | |  1.0
Hexes          | |  2.4

Action                   |  1- 3 |  4- 6 || total
-------------------------+-------+-------++-------
Melee: Unarmed           |    63 |   140 ||   203
       Punch             |       |     2 ||     2
  Eat: Chunk             |     5 |     4 ||     9
       Ration            |       |     1 ||     1
Armor: Ring mail         |    15 |    45 ||    60
Dodge: Dodged            |    37 |    93 ||   130
